 Dungeon Crawl Stone Soup version 0.28-a0-1510-gd0f6b136d3 (webtiles) character file.

Game seed: 12582094920572357178

87 siradein the Magician (level 4, 0/33 HPs)
             Began as a Djinni Ice Elementalist on Jan 14, 2022.
             Slain by a wight (7 damage)
             ... on level 3 of the Dungeon.
             The game lasted 00:05:39 (3006 turns).

siradein the Magician (Djinni Ice Elementalist)     Turns: 3006, Time: 00:05:39

Health: 0/33       AC:  8    Str:  7    XL:     4   Next: 80%
Gold:   81         EV: 13    Int: 19    God:
                   SH:  0    Dex: 13

rFire   + + .      SeeInvis .   j - +1 spear (antimagic)
rCold   x . .      Faith    .   (no shield)
rNeg    . . .      Spirit   .   a - +0 robe
rPois   ∞          Reflect  .   (no helmet)
rElec   .          Harm     .   (no cloak)
rCorr   .          Rampage  .   (no gloves)
Will    .....                   (boots unavailable)
Stlth   ++........              (no amulet)
HPRegen 0.11/turn               (no ring)
MPRegen 0.00/turn               (no ring)

@: ice-armoured, flying, very slightly contaminated
A: sickness immunity, fire resistance 2, cold vulnerability 1, float, innate
caster, hp casting, extra vitality 1
a: no special abilities


You were on level 3 of the Dungeon.
You visited 1 branch of the dungeon, and saw 3 of its levels.

You collected 81 gold pieces.

Inventory:

Hand Weapons
 j - a +1 antimagic spear (weapon)
Missiles
 k - 2 throwing nets
Armour
 a - a +0 robe (worn)
Scrolls
 c - a scroll of fear {unknown}
 e - a scroll of blinking {unknown}
 f - a scroll of summoning {unknown}
 g - a scroll of immolation {unknown}
 h - a scroll of teleportation {unknown}
 l - a scroll of silence {unknown}
Potions
 b - a potion of cancellation {unknown}
 d - 3 potions of curing {unknown}
 i - a potion of resistance {unknown}


   Skills:
 + Level 1.7 Fighting
 + Level 3.1 Dodging
 - Level 1.5 Stealth
 * Level 4.0 Spellcasting


You couldn't memorise any spells.
You knew the following spells:

 Your Spells              Type           Power      Damage    Failure   Level
a - Freeze                Ice            76%        1d9       2%          1
b - Frozen Ramparts       Ice            38%        1d5       8%          3
c - Ozocubu's Armour      Ice            19%        N/A       8%          3
d - Hailstorm             Conj/Ice       19%        3d6       26%         4
e - Pain                  Necr           76%        1d7       2%          1
Your spell library was empty.

Dungeon Overview and Level Annotations

Branches:
Dungeon (3/15)

Altars:
Trog


Innate Abilities, Weirdness & Mutations

You are immune to sickness and miasma.
You are immune to poison.
Your flesh is very heat resistant. (rF++)
You are vulnerable to cold. (rC-)
You float through the air rather than walking.
You learn spells naturally, not from books.
Your magical power is your life essence.
You have superior vitality. (+4 MHP)


Message History

There is a large open door here.
There is a large open door here.
There is an open door here.
There is an open door here.
There is an open door here.
There is a stone staircase leading down here.
You fly downwards.
There is a stone staircase leading up here.
A wight is nearby!
A wight is nearby!
A wight is nearby!
A wight is nearby!
There is a stone staircase leading up here.
Casting: Freeze (safe; 2% risk of failure)
Confirm with . or Enter, or press ? or * to list all spells.
The spell is quite dangerous to miscast (8% risk of failure)!
Continue anyway?
You miscast Ozocubu's Armour.
You are very lightly contaminated with residual magic.
Nothing appears to happen.
The wight closely misses you.
Casting: Ozocubu's Armour (quite dangerous; 8% risk of failure)
Confirm with . or Enter, or press ? or * to list all spells.
You don't know that spell.
Casting: Ozocubu's Armour (quite dangerous; 8% risk of failure)
Confirm with . or Enter, or press ? or * to list all spells.
The spell is quite dangerous to miscast (8% risk of failure)!
Continue anyway?
A film of ice covers your body! The wight closely misses you.
You closely miss the wight. The wight barely misses you.
You hit the wight.
The wight is lightly damaged.
The wight hits you with a +0 flail!
You hit the wight but do no damage.
The wight is lightly damaged.
The wight barely misses you.
You barely miss the wight. You closely miss the wight.
The wight hits you with a +3 battleaxe!
* * * LOW HITPOINT WARNING * * *
You are too injured to fight recklessly!
You are too injured to fight recklessly!
You hit the wight but do no damage. The wight hits you with a +0 flail!
You die...

#...#...###......#
#.#.#z### #...#..#
#.#..<# #.....##
######.##z## #..#.##
.......##z######..#.#
.######............#.#
............#####.##.#
.######.###z.........#
#...@z......#
#############


You could see 2 wights.

Vanquished Creatures
  4 gnolls (D:2)
  An adder (D:2)
  A dart slug (D:2)
  2 bats (D:2)
  6 endoplasms
  2 giant cockroaches (D:2)
  4 goblins
  3 hobgoblins
  2 quokkas
  4 ball pythons
  3 frilled lizards
  2 kobolds
  3 rats
37 creatures vanquished.

Vanquished Creatures (others)
  67 plants (D:2)
67 creatures vanquished.

Grand Total: 104 creatures vanquished

Notes
Turn   | Place    | Note
-------+----------+-------------------------------------------
     0 | D:1      | siradein the Djinni Ice Elementalist began the quest for
                  | the Orb.
     0 | D:1      | Reached XP level 1. HP: 15/15 MP: 0/0
   310 | D:1      | Found a faded altar of an unknown god.
   322 | D:1      | Reached XP level 2. HP: 19/22 MP: 0/0
   948 | D:2      | Found a bloodstained altar of Trog.
  1125 | D:2      | Reached XP level 3. HP: 24/26 MP: 0/0
  1125 | D:2      | Learned a level 1 spell: Pain
  1192 | D:2      | Reached skill level 1 in Fighting
  1721 | D:2      | Reached XP level 4. HP: 9/32 MP: 0/0
  2263 | D:2      | Reached skill level 4 in Spellcasting
  3006 | D:3      | Slain by a wight

Illustrated notes

Levels and vault maps discovered:
D:1:      dpeg_arrival_round_a, layout_basic,
          shapermc_ecumenical_altar_acropolis, nicolae_figureground_pulse
D:2:      layout_basic, basic_altar, minmay_misc_feat_tiny, kennysheep_boxes
D:3:      layout_loops_ring, nicolae_overflow_ecumenical_swirl

Skill      XL: |  1  2  3  4 |
---------------+-------------+-----
Fighting       | 1 |  1.7
Dodging        | 3 |  3.1
Spellcasting   | 4 |  4.0
Stealth        | |  1.5

Action                   |  1- 3 |  4- 6 || total
-------------------------+-------+-------++-------
Melee: Unarmed           |     3 |       ||     3
       Spear             |       |    14 ||    14
 Cast: Freeze            |    44 |    12 ||    56
       Frozen Ramparts   |     2 |     2 ||     4
       Ozocubu's Armour  |       |     2 ||     2
 Stab: Sleeping          |       |     2 ||     2
Armor: Robe              |     7 |     1 ||     8
Dodge: Dodged            |    21 |    13 ||    34

Table legend: (Time is in decaauts)
 A = Elapsed time spent in this place.
 B = Non-inter-level travel time spent in this place.
 C = Inter-level travel time spent in this place.
 D = Time resting spent in this place.
 E = Time spent auto-exploring this place.
 F = Levels seen in this place.
 G = Mean time per level.
                   A        B        C        D        E       F      G
               +--------+--------+--------+--------+--------+-----+--------+
         Total |   3007 |   2898 |    109 |    319 |   2136 |   3 | 1002.3 |
       Dungeon |   3007 |   2898 |    109 |    319 |   2136 |   3 | 1002.3 |
               +--------+--------+--------+--------+--------+-----+--------+

Top non-repeatable levels by time:
     D:2: 1884 daAuts
     D:1: 944 daAuts
     D:3: 178 daAuts
